 Dungeon Crawl Stone Soup version 0.24.0-1-gfbc8707 (webtiles) character file.

Game seed: 5607393689356713255, levelgen mode: deterministic

11888 Illumine the Blocker (level 11, -2/89 HPs)
             Began as a Gnoll Fighter on Nov 15, 2019.
             Was a High Priest of Okawaru.
             Killed from afar by an electric eel (4 damage)
             ... with a bolt of electricity
             ... on level 10 of the Dungeon.
             The game lasted 00:20:07 (8879 turns).

Illumine the Blocker (Gnoll Fighter)                Turns: 8879, Time: 00:20:08

Health: -2/89      AC: 21    Str: 20    XL:     11   Next: 84%
Magic:  20/20      EV: 24    Int: 10    God:    Okawaru [*****.]
Gold:   596        SH: 13    Dex: 17    Spells: 23/23 levels left

rFire    . . .     SeeInvis .   y - +6 long sword (vamp)
rCold    . . .     Gourm    .   c - +1 shield
rNeg     . . .     Faith    .   l - +0 plate armour
rPois    +         Spirit   .   o - +2 helmet
rElec    .         Reflect  .   u - +0 cloak {MR+}
rCorr    .         Harm     .   G - +0 pair of gloves
MR       +....                  (no boots)
Stlth    ..........             I - amulet of the acrobat
HPRegen  0.24/turn              H - +1 ring of protection
MPRegen  0.17/turn              d - ring of poison resistance

@: acrobat
A: distributed training, fangs 1, strong nose
a: Heroism, Finesse, Renounce Religion


You were on level 10 of the Dungeon.
You worshipped Okawaru.
Okawaru was extremely pleased with you.
You were not hungry.

You visited 1 branch of the dungeon, and saw 10 of its levels.
You also visited: Ossuary.

You collected 771 gold pieces.
You spent 175 gold pieces at shops.

Inventory:

Hand Weapons
 a - a +0 war axe
 y - a +6 vampiric long sword (weapon)
 L - a +2 demon trident of venom
 M - the +5 trident of Foolhardiness {antimagic, +Fly}
   (You found it on level 8 of the Dungeon)

   It reduces the magical energy of the wielder, and disrupts the spells and
   magical abilities of those hit.
   Natural abilities and divine invocations are not affected.
   It lets you fly.
Missiles
 h - 25 poisoned darts (quivered)
 C - 3 throwing nets
Armour
 c - a +1 shield (worn)
 l - a +0 plate armour (worn)
 o - a +2 helmet (worn)
 u - a +0 cloak of magic resistance (worn)
 G - a +0 pair of gloves (worn)
 J - a +1 cloak of invisibility
Jewellery
 d - a ring of poison resistance (right hand)
 j - an uncursed ring of teleportation
 m - a +6 ring of intelligence
 H - a +1 ring of protection (left hand)
 I - an amulet of the acrobat (around neck)
 N - an uncursed ring of stealth
Wands
 g - a wand of flame (25)
 k - a wand of iceblast (10)
 w - a wand of clouds (4)
 z - a wand of polymorph (12)
 E - a wand of paralysis (9)
 K - a wand of digging (7)
Scrolls
 b - 2 scrolls of teleportation
 e - 4 scrolls of noise
 i - a scroll of blinking
 v - 2 scrolls of magic mapping
 B - 3 scrolls of remove curse
 D - 2 scrolls of amnesia
Potions
 n - 3 potions of mutation
 p - 2 potions of ambrosia {unknown}
 q - 3 potions of heal wounds
 r - 2 potions of flight
 s - 2 potions of agility
 t - 7 potions of curing
 x - a potion of might
 A - 4 potions of haste
 F - 5 potions of lignification
Comestibles
 f - 18 rations


   Skills:
 + Level 9.3 Fighting
 + Level 6.5 Short Blades
 + Level 6.5 Long Blades
 + Level 8.1 Axes
 + Level 6.5 Maces & Flails
 + Level 6.5 Polearms
 + Level 6.5 Staves
 + Level 6.5 Slings
 + Level 6.5 Bows
 + Level 6.5 Crossbows
 + Level 6.5 Throwing
 + Level 9.3 Armour
 + Level 6.5 Dodging
 + Level 6.5 Stealth
 + Level 9.3 Shields
 + Level 6.5 Unarmed Combat
 + Level 6.5 Spellcasting
 + Level 5.4 Conjurations
 + Level 5.4 Hexes
 + Level 5.4 Charms
 + Level 5.4 Summonings
 + Level 5.4 Necromancy
 + Level 5.4 Translocations
 + Level 5.4 Transmutations
 + Level 5.4 Fire Magic
 + Level 5.4 Ice Magic
 + Level 5.4 Air Magic
 + Level 5.4 Earth Magic
 + Level 5.4 Poison Magic
 + Level 7.2 Invocations
 + Level 6.5 Evocations


You had 23 spell levels left.
You didn't know any spells.
Your spell library contained the following spells:

 Spells                   Type           Power        Failure   Level  Hunger
 Infusion                 Chrm           ##..         61%         1    None
 Shroud of Golubria       Chrm/Tloc      ##....       75%         2    ##.....
 Song of Slaying          Chrm           ##......     75%         2    ##.....
 Regeneration             Chrm/Necr      ##........   93%         3    ###....
 Spectral Weapon          Hex/Chrm       ##......     93%         3    ###....
 Haunt                    Necr/Summ      ##........   100%        7    #######
 Borgnjor's Revivificati  Necr           ##........   100%        8    #######
 Death's Door             Chrm/Necr      ##........   100%        8    #######
 Infestation              Necr           ##........   100%        8    #######
 Necromutation            Tmut/Necr      ##........   100%        8    #######


Dungeon Overview and Level Annotations

Branches:
Dungeon (10/15)            Temple (0/1) D:6         Ossuary (visited)
   Lair: D:8-11         Orc: D:9-12

Altars:
Cheibriados
Dithmenos
Fedhas
Kikubaaqudgha
Nemelex Xobeh
Okawaru
Uskayaw

Shops:
D:4 [   D:7 [

Annotations:
D:8 exclusion: 2 oklob saplings


Innate Abilities, Weirdness & Mutations

Your experience applies equally to all skills.
You have very sharp teeth.
Your uncanny sense of smell can sniff out nearby items.


Message History

You bite the electric eel, but do no damage.
The electric eel is heavily wounded.
The electric eel shoots out a bolt of lightning at you!
The bolt of electricity hits you!
* * * LOW HITPOINT WARNING * * *
The bolt of electricity hits you!
* * * LOW HITPOINT WARNING * * *
The bolt of electricity hits the electric eel.
The electric eel completely resists.
The electric eel shoots out a bolt of lightning at you!
The bolt of electricity hits you!
* * * LOW HITPOINT WARNING * * *
The electric eel shoots out a bolt of lightning at you!
The bolt of electricity hits you.
* * * LOW HITPOINT WARNING * * *
The electric eel shoots out a bolt of lightning at you!
The bolt of electricity hits you but does no damage.
The electric eel shoots out a bolt of lightning at you!
The bolt of electricity hits you.
You die...

#.# #.# #.# . ###.#######
.. #.......... ...
#.#........
.....###########.######...
≈.........%..............#
≈≈≈≈###..@######.######..Z
≈≈≈≈≈≈#$..# #.# ..#
≈≈≈≈≈≈≈...# #.# ...
≈≈≈≈≈≈≈;≈;# #.# ...
≈≈≈;≈≈≈≈>≈... #.# ##.
≈≈≈≈≈≈≈≈.........# ≈≈≈≈
≈≈≈≈≈≈≈≈#.####.### ≈≈≈≈≈
≈≈≈≈≈≈≈...# #
≈≈≈≈≈≈≈≈≈≈≈≈≈≈≈###


You could see 3 electric eels.

Vanquished Creatures
  Harold (D:8)
  A centaur warrior (D:10)
  A two-headed ogre (D:9)
  A wizard (D:9)
  An unseen horror (D:7)
  Pikel (D:7)
  Joseph (D:8)
  Maurice (D:8)
  A queen bee (D:8)
  3 trolls
  A hippogriff (D:7)
  A slime creature (D:6)
  Sigmund (D:2)
  A centaur simulacrum (D:10)
  A yak (D:10)
  3 hungry ghosts
  An acid dragon (D:6)
  2 orc warriors (D:9)
  3 sky beasts
  6 ice beasts
  A slave (D:7)
  A black bear (D:8)
  A phantom (D:6)
  4 ogres
  A centaur (D:9)
  2 crocodiles
  2 big kobolds
  A bullfrog (D:7)
  A gnoll sergeant (D:4)
  A water moccasin skeleton (D:5)
  2 scorpions
  15 killer bees (D:8)
  5 wights (D:9)
  A howler monkey (D:7)
  3 electric eels (D:10)
  A crimson imp (D:3)
  A jelly (D:6)
  A human zombie (Ossuary)
  2 orc priests (D:5)
  3 centaur skeletons
  2 centaur zombies (Ossuary)
  4 hounds
  8 orc wizards
  2 bullfrog skeletons
  Jessica (D:5)
  5 gnoll shamans (D:4)
  An iguana (D:8)
  11 worker ants
  A big kobold zombie (Ossuary)
  3 mummies (Ossuary)
  A worker ant zombie (D:6)
  Robin (D:2)
  14 adders
  27 gnolls (D:4)
  A howler monkey skeleton (D:7)
  A hound simulacrum (D:10)
  2 shadow imps
  3 white imps (D:10)
  An ufetubus (D:10)
  An ooze (D:4)
  2 adder skeletons
  3 worms
  5 dart slugs
  2 leopard geckos
  24 orcs
  11 ball pythons
  4 bat skeletons (D:9)
  A bat zombie (D:9)
  2 giant cockroaches
  A gnoll zombie (Ossuary)
  18 goblins
  7 hobgoblins
  29 jackals
  3 quokkas
  7 bats
  4 frilled lizards
  A goblin zombie (D:6)
  A hobgoblin zombie (Ossuary)
  A jackal skeleton (D:5)
  A jackal zombie (D:6)
  8 kobolds
  2 kobold zombies (Ossuary)
  A quokka zombie (D:6)
  9 rats
318 creatures vanquished.

Vanquished Creatures (others)
  An ice beast (D:7)
  A shadow imp (D:7)
2 creatures vanquished.

Grand Total: 320 creatures vanquished

Notes
Turn   | Place    | Note
-------+----------+-------------------------------------------
     0 | D:1      | Illumine the Gnoll Fighter began the quest for the Orb.
     0 | D:1      | Reached XP level 1. HP: 23/23 MP: 1/1
    75 | D:1      | Reached XP level 2. HP: 21/29 MP: 2/2
   565 | D:2      | Reached XP level 3. HP: 35/35 MP: 3/3
   609 | D:2      | Noticed Robin
   617 | D:2      | Reached skill level 1 in Invocations
   623 | D:2      | Reached skill level 1 in Short Blades
   623 | D:2      | Reached skill level 1 in Long Blades
   623 | D:2      | Reached skill level 1 in Maces & Flails
   623 | D:2      | Reached skill level 1 in Polearms
   623 | D:2      | Reached skill level 1 in Staves
   623 | D:2      | Reached skill level 1 in Slings
   623 | D:2      | Reached skill level 1 in Bows
   623 | D:2      | Reached skill level 1 in Crossbows
   623 | D:2      | Reached skill level 1 in Throwing
   623 | D:2      | Reached skill level 1 in Dodging
   623 | D:2      | Reached skill level 1 in Stealth
   623 | D:2      | Reached skill level 1 in Unarmed Combat
   623 | D:2      | Reached skill level 1 in Spellcasting
   623 | D:2      | Reached skill level 1 in Evocations
   627 | D:2      | Killed Robin
   627 | D:2      | Reached XP level 4. HP: 22/41 MP: 5/5
   878 | D:2      | Noticed Sigmund
   886 | D:2      | Killed Sigmund
   886 | D:2      | Reached skill level 1 in Conjurations
   886 | D:2      | Reached skill level 1 in Hexes
   886 | D:2      | Reached skill level 1 in Charms
   886 | D:2      | Reached skill level 1 in Summonings
   886 | D:2      | Reached skill level 1 in Necromancy
   886 | D:2      | Reached skill level 1 in Translocations
   886 | D:2      | Reached skill level 1 in Transmutations
   886 | D:2      | Reached skill level 1 in Fire Magic
   886 | D:2      | Reached skill level 1 in Ice Magic
   886 | D:2      | Reached skill level 1 in Air Magic
   886 | D:2      | Reached skill level 1 in Earth Magic
   886 | D:2      | Reached skill level 1 in Poison Magic
   886 | D:2      | Reached XP level 5. HP: 42/47 MP: 5/7
   886 | D:2      | Reached XP level 6. HP: 48/53 MP: 5/8
  1222 | D:3      | Found a shadowy altar of Dithmenos.
  1276 | D:3      | Reached skill level 5 in Axes
  1789 | D:4      | Found a hide-covered altar of Uskayaw.
  1983 | D:4      | Found a snail-covered altar of Cheibriados.
  2001 | D:4      | Reached XP level 7. HP: 59/59 MP: 10/10
  2018 | D:4      | Found Akku's Armour Shop.
  2404 | D:4      | Reached XP level 8. HP: 36/67 MP: 12/12
  3064 | D:5      | Entered Level 5 of the Dungeon
  3125 | D:5      | Found an iron altar of Okawaru.
  3205 | D:5      | Became a worshipper of Warmaster Okawaru
  3531 | D:5      | Reached * piety under Okawaru
  3843 | D:5      | Found a sparkling altar of Nemelex Xobeh.
  3843 | D:5      | Noticed Jessica
  3847 | D:5      | Killed Jessica
  3936 | D:6      | Found a staircase to the Ecumenical Temple.
  4023 | D:6      | Reached XP level 9. HP: 46/72 MP: 14/14
  4145 | D:6      | Found a sand-covered staircase.
  4162 | Ossuary  | Entered an ossuary
  4486 | D:6      | Noticed a troll
  4496 | D:6      | Killed a troll
  4496 | D:6      | Reached ** piety under Okawaru
  4962 | D:7      | Found Bymass's Antique Armour Shoppe.
  4967 | D:7      | Bought an embroidered hat for 175 gold pieces
  5048 | D:7      | Noticed Pikel
  5050 | D:7      | Reached skill level 5 in Invocations
  5071 | D:7      | Killed Pikel
  5071 | D:7      | Reached *** piety under Okawaru
  5071 | D:7      | Reached XP level 10. HP: 80/80 MP: 15/17
  5479 | D:7      | Killed an unseen horror
  5479 | D:7      | Reached skill level 5 in Short Blades
  5479 | D:7      | Reached skill level 5 in Long Blades
  5479 | D:7      | Reached skill level 5 in Maces & Flails
  5479 | D:7      | Reached skill level 5 in Polearms
  5479 | D:7      | Reached skill level 5 in Staves
  5479 | D:7      | Reached skill level 5 in Slings
  5479 | D:7      | Reached skill level 5 in Bows
  5479 | D:7      | Reached skill level 5 in Crossbows
  5479 | D:7      | Reached skill level 5 in Throwing
  5479 | D:7      | Reached skill level 5 in Dodging
  5479 | D:7      | Reached skill level 5 in Stealth
  5479 | D:7      | Reached skill level 5 in Unarmed Combat
  5479 | D:7      | Reached skill level 5 in Spellcasting
  5479 | D:7      | Reached skill level 5 in Evocations
  5828 | D:8      | Noticed Joseph
  5844 | D:8      | Killed Joseph
  5930 | D:8      | Noticed Harold
  5954 | D:8      | Killed Harold
  5954 | D:8      | Reached **** piety under Okawaru
  6239 | D:8      | Noticed Maurice
  6243 | D:8      | Paralysed by Maurice for 4 turns
  6263 | D:8      | Killed Maurice
  6263 | D:8      | Received a gift from Okawaru
  6399 | D:8      | Reached XP level 11. HP: 62/87 MP: 19/19
  6441 | D:8      | Reached ***** piety under Okawaru
  6659 | D:8      | Got a scorched trident
  6712 | D:8      | Received a gift from Okawaru
  6869 | D:8      | Found a blossoming altar of Fedhas.
  7137 | D:9      | Noticed a two-headed ogre
  7211 | D:9      | Identified the +5 trident of Foolhardiness {antimagic,
                  | +Fly} (You found it on level 8 of the Dungeon)
  7585 | D:9      | Reached skill level 5 in Conjurations
  7585 | D:9      | Reached skill level 5 in Hexes
  7585 | D:9      | Reached skill level 5 in Charms
  7585 | D:9      | Reached skill level 5 in Summonings
  7585 | D:9      | Reached skill level 5 in Necromancy
  7585 | D:9      | Reached skill level 5 in Translocations
  7585 | D:9      | Reached skill level 5 in Transmutations
  7585 | D:9      | Reached skill level 5 in Fire Magic
  7585 | D:9      | Reached skill level 5 in Ice Magic
  7585 | D:9      | Reached skill level 5 in Air Magic
  7585 | D:9      | Reached skill level 5 in Earth Magic
  7585 | D:9      | Reached skill level 5 in Poison Magic
  7749 | D:9      | Noticed a wizard
  7771 | D:9      | Killed a wizard
  7771 | D:9      | Received a gift from Okawaru
  7925 | D:9      | Received a gift from Okawaru
  7974 | D:9      | You fall into a shaft and drop 1 floor!
  7974 | D:10     | Entered Level 10 of the Dungeon
  7992 | D:10     | Noticed a centaur warrior
  8015 | D:10     | Killed a centaur warrior
  8281 | D:9      | Found an ancient bone altar of Kikubaaqudgha.
  8346 | D:9      | Killed a two-headed ogre
  8378 | D:9      | Received a gift from Okawaru
  8877 | D:10     | HP: 4/89 [electric eel/bolt of electricity (7)]
  8879 | D:10     | Killed from afar by an electric eel

Levels and vault maps discovered:
D:1:      dpeg_arrival_more_subterranean_lakeside_camping, layout_rooms,
          hangedman_decor_riveting
D:2:      layout_rooms, uniq_robin, uniq_sigmund
D:3:      wad_lake_hut, layout_basic, old_standard_altar
D:4:      lemuel_castle_with_subvaults [lemuel_castle_interior_carwin_2],
          layout_basic, lemuel_round_altar, serial_shops, nicolae_shop_trees,
          kennysheep_slug_shrine
D:5:      layout_loops_cross, lemuel_doored_altar, first_ration,
          nemelex_lonely_heart_becter
D:6:      layout_rooms, minmay_temple_entry_drinking_statues, enter_ossuary_4
D:7:      minmay_blocky_corners, layout_basic, serial_shops, shop_statue,
          uniq_pikel
D:8:      layout_layer_cave, david_nohive_1, introduction_to_nature_1,
          uniq_joseph, uniq_harold, uniq_maurice
D:9:      cheibrodos_wizards_tower, layout_cave_pools, kennysheep_vampire_church
D:10:     layout_basic, serial_ice, serial_ice_j, serial_ice_a, serial_ice_b,
          serial_ice_o, chequers_serial_rivers_large_b

Skill      XL: |  1  2  3  4  5  6  7  8  9 10 11 |
---------------+----------------------------------+-----
Invocations    | 1 2 3 4 5 6 7 |  7.2
Short Blades   | 1 2 3 4 5 6 |  6.5
Long Blades    | 1 2 3 4 5 6 |  6.5
Maces & Flails | 1 2 3 4 5 6 |  6.5
Polearms       | 1 2 3 4 5 6 |  6.5
Staves         | 1 2 3 4 5 6 |  6.5
Slings         | 1 2 3 4 5 6 |  6.5
Bows           | 1 2 3 4 5 6 |  6.5
Crossbows      | 1 2 3 4 5 6 |  6.5
Throwing       | 1 2 3 4 5 6 |  6.5
Dodging        | 1 2 3 4 5 6 |  6.5
Stealth        | 1 2 3 4 5 6 |  6.5
Unarmed Combat | 1 2 3 4 5 6 |  6.5
Spellcasting   | 1 2 3 4 5 6 |  6.5
Evocations     | 1 2 3 4 5 6 |  6.5
Conjurations   | 1 2 3 4 5 |  5.4
Hexes          | 1 2 3 4 5 |  5.4
Charms         | 1 2 3 4 5 |  5.4
Summonings     | 1 2 3 4 5 |  5.4
Necromancy     | 1 2 3 4 5 |  5.4
Translocations | 1 2 3 4 5 |  5.4
Transmutations | 1 2 3 4 5 |  5.4
Fire Magic     | 1 2 3 4 5 |  5.4
Ice Magic      | 1 2 3 4 5 |  5.4
Air Magic      | 1 2 3 4 5 |  5.4
Earth Magic    | 1 2 3 4 5 |  5.4
Poison Magic   | 1 2 3 4 5 |  5.4
Axes           | 5 6 7 8 |  8.1
Fighting       | 7 8 9 |  9.3
Armour         | 7 8 9 |  9.3
Shields        | 7 8 9 |  9.3

Action                   |  1- 3 |  4- 6 |  7- 9 | 10-12 || total
-------------------------+-------+-------+-------+-------++-------
Melee: War axe           |    55 |   144 |   243 |     5 ||   447
       Bite              |     5 |    13 |    86 |    71 ||   175
       Long sword        |       |       |   243 |   474 ||   717
Throw: Dart              |       |       |       |     8 ||     8
Invok: Heroism           |       |       |       |     4 ||     4
Evoke: Wand              |       |       |       |     3 ||     3
  Use: Potion            |       |     1 |       |     2 ||     3
       Scroll            |       |       |    20 |     6 ||    26
 Stab: Distracted        |       |     1 |       |       ||     1
  Eat: Chunk             |       |     4 |    10 |     7 ||    21
       Ration            |       |       |       |     4 ||     4
Armor: Scale mail        |     3 |       |       |       ||     3
       Plate armour      |    35 |    80 |   303 |   311 ||   729
Dodge: Dodged            |    11 |    25 |   119 |   163 ||   318
Block: Shield            |    28 |    86 |   291 |   339 ||   744
       Rpst.: Long sword |       |       |    18 |    42 ||    60
